 Dungeon Sprint DCSS version 0.24.0-37-gcf1ca852f1 (webtiles) character file.

Game seed: 18402697586076706811, levelgen mode: deterministic

4906 Cryoshakespeare the Imperceptible (level 10, -2/53 HPs)
             Began as a Vampire Assassin on Nov 23, 2019.
             Was an Elder of Wu Jian.
             Slain by a demonic crawler (5 damage)
             ... in the Dungeon (Sprint I: "Red Sonja").
             The game lasted 00:03:40 (280 turns).

Cryoshakespeare the Imperceptible (Vampire Assassin) Turns: 280, Time: 00:03:40

Health: -2/53      AC:  3    Str: 10    XL:     10   Next: 27%
Magic:  10/10      EV: 12    Int: 13    God:    Wu Jian [****..]
Gold:   694        SH:  0    Dex: 20    Spells: 9/9 levels left

rFire    . . .     SeeInvis +   n - +2 dagger (venom)
rCold    + + .     Gourm    .   (no shield)
rNeg     + + +     Faith    .   b - +0 robe
rPois    ∞         Spirit   .   (no helmet)
rElec    .         Reflect  .   c - +0 cloak
rCorr    .         Harm     .   (no gloves)
MR       +....     NoTele   +   (no boots)
Stlth    ++++++++++             (no amulet)
HPRegen  0.00/turn              (no ring)
MPRegen  0.12/turn              (no ring)

@: exhausted, bloodless
A: no food, fangs 3, see invisible, unbreathing
a: Bat Form, Revivify, Wall Jump, Serpent's Lash, Renounce Religion


You were in the Dungeon.
You worshipped Wu Jian.
Wu Jian was greatly pleased with you.
You were bloodless.

You visited 1 branch You collected 694 gold pieces.

Inventory:

Hand Weapons
 n - a +2 dagger of venom (weapon)
Missiles
 d - 8 poisoned darts (quivered)
 e - 8 curare-tipped darts
Armour
 b - a +0 robe (worn)
 c - a +0 cloak (worn)
Scrolls
 k - a scroll of blinking
 l - 2 scrolls of immolation {unknown}
Potions
 f - a potion of curing
 g - a potion of heal wounds
 h - a potion of haste
 i - 2 potions of magic
 j - a potion of berserk rage
 m - a potion of agility {unknown}


   Skills:
 - Level 1.7 Fighting
 + Level 17.1 Short Blades
 - Level 1.5 Throwing
 - Level 1.1 Dodging
 + Level 24.5 Stealth


You had 9 spell levels left.
You didn't know any spells.
Your spell library was empty.

Dungeon Overview and Level Annotations

Branches:
Dungeon (1/1)

Altars:
Cheibriados
Dithmenos
Elyvilon
Fedhas
Gozag
Hepliaklqana
Kikubaaqudgha
Makhleb
Nemelex Xobeh
Okawaru
Qazlal
Ru
Sif Muna
Trog
Uskayaw
Vehumet
Wu Jian
Xom
Yredelemnul
Zin
The Shining One
Jiyva
Lugonu

Shops:
D ([


Innate Abilities, Weirdness & Mutations

You do not eat.
You do not regenerate when monsters are visible.
You are frail without blood (-20% HP).
You can heal yourself when you bite living creatures.
You are immune to poison.
You have razor-sharp teeth.
You have supernaturally acute eyesight. (SInv)
You can survive without breathing.


Message History

You hit the demonic crawler but do no damage.
The demonic crawler is poisoned.
The demonic crawler is lightly wounded.
You hit the demonic crawler.
The demonic crawler looks even sicker.
The demonic crawler is lightly wounded.
Your supernatural speed expires.
Unknown command.
Unknown command.
Unknown command.
Unknown command.
You spin and attack the demonic crawler repeatedly.
You hit the demonic crawler.
The demonic crawler is lightly wounded.
You hit the demonic crawler but do no damage.
The demonic crawler is lightly wounded.
The demonic crawler barely misses you. x2; The demonic crawler hits you!
* * * LOW HITPOINT WARNING * * *
The demonic crawler closely misses you. The demonic crawler barely misses you.
The demonic crawler hits you.
You die...

###################
..#.)'..#__#..'...#
.)'..#..'^.'..#)@○##+#
#+#####'#__####○s.°..#
#...#.####%)#####†.+
###..##)#§§§§)#..##+##
__##'#_.'≈§≈§.§..#
..†'..._#§≈§.§#..#
__##_.#+##§#####'###
__###'# #%.(.# #.+$#
#####.####§### ###$#


You could see a demonic crawler (pinned).

Vanquished Creatures
  2 centaur warriors (D)
  Sonja (D)
  A deep troll (D)
  An oklob plant (D)
  3 demonic crawlers (D)
  2 kobold demonologists (D)
  A hornet (D)
  A slime creature (D)
  Sigmund (D)
  A yak (D)
  A floating eye (D)
  An ogre (D)
  A jelly (D)
  Ijyb (D)
18 creatures vanquished.

Notes
Turn   | Place    | Note
-------+----------+-------------------------------------------
     0 | D        | Cryoshakespeare the Vampire Assassin began the quest for
                  | the Orb.
     0 | D        | Reached XP level 1. HP: 16/16 MP: 1/1
     8 | D        | Noticed Ijyb
    10 | D        | Killed Ijyb
    10 | D        | Reached skill level 10 in Stealth
    10 | D        | Reached XP level 2. HP: 17/17 MP: 2/2
    13 | D        | Noticed an ogre
    17 | D        | Noticed Sigmund
    24 | D        | Found a shimmering blue altar of Sif Muna.
    25 | D        | Found an ornate altar of the Wu Jian Council.
    26 | D        | Found a radiant altar of Vehumet.
    29 | D        | Became a worshipper of the Wu Jian Council
    31 | D        | Reached skill level 12 in Stealth
    31 | D        | Reached XP level 3. HP: 21/21 MP: 3/3
    42 | D        | Killed Sigmund
    42 | D        | Reached skill level 15 in Stealth
    42 | D        | Reached XP level 4. HP: 26/26 MP: 4/4
    42 | D        | Reached XP level 5. HP: 30/30 MP: 5/5
    45 | D        | Killed an ogre
    45 | D        | Reached * piety under Wu Jian
    45 | D        | Reached skill level 16 in Stealth
    45 | D        | Reached XP level 6. HP: 35/35 MP: 6/6
    64 | D        | Found a burning altar of Makhleb.
    64 | D        | Found a viscous altar of Jiyva.
    64 | D        | Found a shimmering altar of Xom.
    64 | D        | Found a corrupted altar of Lugonu.
    64 | D        | Noticed a slime creature
    67 | D        | Killed a slime creature
    67 | D        | Reached skill level 10 in Short Blades
    67 | D        | Reached skill level 17 in Stealth
    77 | D        | Found Esman's Antique Armour Emporium.
    77 | D        | Found an ancient bone altar of Kikubaaqudgha.
    77 | D        | Found a hazy altar of Hepliaklqana.
    77 | D        | Found a stormy altar of Qazlal.
    77 | D        | Found a hide-covered altar of Uskayaw.
    77 | D        | Found a blossoming altar of Fedhas.
    77 | D        | Found a bloodstained altar of Trog.
    77 | D        | Found an iron altar of Okawaru.
    77 | D        | Found a basalt altar of Yredelemnul.
    77 | D        | Found a glowing golden altar of the Shining One.
    77 | D        | Found a snail-covered altar of Cheibriados.
    77 | D        | Found a sacrificial altar of Ru.
    77 | D        | Found a glowing silver altar of Zin.
    77 | D        | Found a shadowy altar of Dithmenos.
    77 | D        | Found a white marble altar of Elyvilon.
    77 | D        | Noticed a yak
    78 | D        | Found an opulent altar of Gozag.
    78 | D        | Killed a yak
    78 | D        | Reached skill level 18 in Stealth
    78 | D        | Reached XP level 7. HP: 39/39 MP: 7/7
    79 | D        | Found a sparkling altar of Nemelex Xobeh.
   108 | D        | Noticed Sonja
   111 | D        | Killed Sonja
   111 | D        | Reached ** piety under Wu Jian
   111 | D        | Reached skill level 19 in Stealth
   111 | D        | Reached XP level 8. HP: 44/44 MP: 8/8
   129 | D        | Found Ledwe's Antique Weapon Boutique.
   149 | D        | Noticed a deep troll
   152 | D        | Killed a deep troll
   152 | D        | Reached skill level 20 in Stealth
   174 | D        | Noticed a centaur warrior
   174 | D        | Noticed a centaur warrior
   176 | D        | Killed a centaur warrior
   176 | D        | Reached skill level 22 in Stealth
   176 | D        | Reached XP level 9. HP: 48/48 MP: 9/9
   178 | D        | Killed a centaur warrior
   178 | D        | Reached skill level 15 in Short Blades
   185 | D        | Reached *** piety under Wu Jian
   185 | D        | Reached skill level 23 in Stealth
   195 | D        | Noticed an oklob plant
   197 | D        | Killed an oklob plant
   229 | D        | Noticed a kobold demonologist
   238 | D        | Paralysed by a floating eye for 3 turns
   242 | D        | Paralysed by a floating eye for 3 turns
   252 | D        | Noticed a kobold demonologist
   258 | D        | Killed a kobold demonologist
   258 | D        | Reached XP level 10. HP: 50/53 MP: 10/10
   265 | D        | Reached **** piety under Wu Jian
   265 | D        | Reached skill level 24 in Stealth
   280 | D        | Slain by a demonic crawler

Levels and vault maps discovered:
D:        dungeon_sprint_1 [red_sonja_temple_1, red_sonja_temple_small_1]

Skill      XL: |  1  2  3  4  5  6  7  8  9 10 |
---------------+-------------------------------+-----
Stealth        | 10 12 15 16 18 19 22 23 24 | 24.5
Short Blades   | 7 8 10 12 14 16 17 | 17.1
Fighting       | |  1.7
Throwing       | |  1.5
Dodging        | |  1.1

Action                   |  1- 3 |  4- 6 |  7- 9 | 10-12 || total
-------------------------+-------+-------+-------+-------++-------
Melee: Dagger            |     3 |     3 |    23 |    17 ||    46
       Bite              |       |       |       |     2 ||     2
Invok: Lunge             |     1 |     2 |     4 |     2 ||     9
       Whirlwind         |       |       |     1 |     2 ||     3
       Serpent's Lash    |       |       |     1 |     1 ||     2
 Abil: Exsanguinate      |     1 |       |       |       ||     1
       Wall Jump         |       |       |     1 |     1 ||     2
 Stab: Sleeping          |     3 |     3 |     6 |     3 ||    15
Armor: Robe              |       |       |     1 |     2 ||     3
Dodge: Dodged            |       |       |     2 |     7 ||     9
